 Dungeon Crawl Stone Soup version 0.24-a0-218-ga595e75 (webtiles) character file.

Game seed: 17010453957204090048

58 Inarius the Skirmisher (level 3, 0/29 HPs)
             Began as a Demonspawn Abyssal Knight on Mar 30, 2019.
             Was a Believer of Lugonu.
             Succumbed to an adder's poison
             ... on level 2 of the Dungeon.
             The game lasted 00:02:33 (1432 turns).

Inarius the Skirmisher (Demonspawn Abyssal Knight)  Turns: 1432, Time: 00:02:33

Health: 0/29       AC:  3    Str: 18    XL:     3   Next: 75%
Magic:  5/5        EV: 11    Int: 13    God:    Lugonu [**....]
Gold:   74         SH: 11    Dex: 17    Spells: 2/2 levels left

rFire    . . .     SeeInvis .   a - +1 hand axe
rCold    + . .     Gourm    .   k - +0 large shield (curse)
rNeg     . . .     Faith    .   b - +0 leather armour
rPois    .         Spirit   .   (no helmet)
rElec    .         Reflect  .   (no cloak)
rCorr    .         Harm     .   (no gloves)
MR       .....                  (no boots)
Stlth    +++.......             (no amulet)
HPRegen  0.09/turn              g - ring of stealth
MPRegen  0.09/turn              (no ring)

@: mighty, agile, lethally poisoned (0 -> -14), hasted, very quick
A: cold resistance 1
a: Depart the Abyss, Bend Space, Renounce Religion


You were on level 2 of the Dungeon.
You worshipped Lugonu.
Lugonu was pleased with you.
You were not hungry.

You visited 1 branch of the dungeon, and saw 3 of its levels.
You visited the Abyss 1 time.

You collected 74 gold pieces.

Inventory:

Hand Weapons
 a - a +1 hand axe (weapon)
Armour
 b - a +0 leather armour (worn)
 k - a cursed +0 large shield (worn)
Jewellery
 g - a ring of stealth (left hand)
Scrolls
 d - 4 scrolls of blinking {unknown}
 e - 2 scrolls of teleportation {unknown}
 h - a scroll of immolation {unknown}
 i - 3 scrolls of remove curse {unknown}
 n - a scroll of noise {unknown}
Comestibles
 c - 2 rations


   Skills:
 + Level 3.5 Fighting
 * Level 2.5 Axes
 * Level 2.4 Armour
 - Level 0.8 Dodging
 * Level 3.1 Invocations


You had 2 spell levels left.
You didn't know any spells.
Your spell library was empty.

Dungeon Overview and Level Annotations

Branches:
Dungeon (3/15)

Altars:


Innate Abilities, Weirdness & Mutations

Your flesh is cold resistant. (rC+)


Message History

* * * LOW HITPOINT WARNING * * *
You feel sick. The adder bites you but does no damage. The adder bites you.
* * * LOW HITPOINT WARNING * * *
You are more poisoned.
The adder poisons you!
It was a potion of haste.
You feel yourself speed up.
* * * LOW HITPOINT WARNING * * *
You feel sick. The adder bites you but does no damage.
It was a potion of agility.
You feel agile all of a sudden.
* * * LOW HITPOINT WARNING * * *
You feel sick. The adder closely misses you.
You slash the adder!
You kill the adder!
Lugonu accepts your kill.
* * * LOW HITPOINT WARNING * * *
You feel sick.
You aren't carrying any potions.
Unknown command.
You die...

#### #.#.#.#######
#.#.#........
#.#....#.....
#.#.......... ###
#.#..........
...#.#..!.#.....
#.#...#..>..... ####
#...#..........
#.......#@#K%.....###
###.##### #.#..!....#
#...# #.#........ #...#
#.#........
#...#####.#.#.......
#####...#.....#.#..=....
#.......#.#####..
#................
##......##.######.


There were no monsters in sight!

Vanquished Creatures
  An adder (D:2)
  An ooze (D:1)
  A worm (D:2)
  2 dart slugs
  A leopard gecko (D:1)
  An orc (D:3)
  2 ball pythons
  2 bats (D:1)
  A giant cockroach (D:1)
  6 goblins
  3 hobgoblins
  3 jackals (D:3)
  5 kobolds
  4 rats (D:1)
33 creatures vanquished.

Notes
Turn   | Place    | Note
-------+----------+-------------------------------------------
     0 | Abyss:1  | Inarius the Demonspawn Abyssal Knight began the quest for
                  | the Orb.
     0 | Abyss:1  | Reached XP level 1. HP: 18/18 MP: 2/2
    44 | D:1      | Escaped the Abyss
   379 | D:1      | Gained mutation: Your flesh is cold resistant. (rC+)
                  | [demonic ancestry]
   379 | D:1      | Reached XP level 2. HP: 24/24 MP: 3/3
   805 | D:1      | Reached ** piety under Lugonu
   805 | D:1      | Reached XP level 3. HP: 23/29 MP: 5/5
  1137 | D:2      | You fall through a shaft!
  1430 | D:2      | HP: 1/29 [poisoned by an adder]
  1432 | D:2      | Succumbed to an adder's poison

Levels and vault maps discovered:
D:1:      giann_wishing_wells, layout_basic
D:2:      minmay_door_path, layout_basic, serial_glass, glass_columns_b,
          glass_columns_b, glass_columns_b, glass_columns_a
D:3:      layout_rooms, lemuel_doored_altar, eat_drink_and_be_merry_uskayaw,
          gammafunk_ghost_stat_death, uniq_robin
Abyss:1

Skill      XL: |  1  2  3 |
---------------+----------+-----
Armour         | 2 |  2.4
Axes           | 2 |  2.5
Invocations    | 3 |  3.1
Fighting       | |  3.5
Dodging        | |  0.8

Action                   || total
-------------------------++-------
Melee: Hand axe          ||   126
  Use: Potion            ||     3
  Eat: Chunk             ||     2
Armor: Leather armour    ||    36
Dodge: Dodged            ||    64
Block: Large shield      ||    38

Table legend:
 A = Non-vault XP
 B = Vault XP
 C = Vault XP percentage of total XP
 D = Non-vault monster count
 E = Vault monster count
 F = Vault count percentage of total count
                 A         B        C        D         E       F
            +---------+---------+-------+---------+---------+-------
      Total |      83 |       0 |   0.0 |      33 |       0 |   0.0
            +---------+---------+-------+---------+---------+-------
        D:1 |      45 |       0 |   0.0 |      22 |       0 |   0.0
        D:2 |      27 |       0 |   0.0 |       6 |       0 |   0.0
        D:3 |      11 |       0 |   0.0 |       5 |       0 |   0.0
            +---------+---------+-------+---------+---------+-------
